 Dungeon Crawl Stone Soup version 0.30-a0-879-ga8ba668304 (webtiles) character file.

Game seed: 4969726060363801351

46 mandarbmax the Ruffian (level 3, -4/28 HPs)
             Began as a Draconian Transmuter on Mar 12, 2023.
             Slain by Sigmund
             ... wielding a +0 scythe
              (5 damage)
             ... on level 2 of the Dungeon.
             The game lasted 00:02:48 (1440 turns).

mandarbmax the Ruffian (Draconian Transmuter)       Turns: 1440, Time: 00:02:48

Health: -4/28      AC:  5    Str: 12    XL:     3   Next: 46%
Magic:  1/6        EV: 12    Int: 15    God:
Gold:   80         SH:  0    Dex: 11    Spells: 0/6 levels left

rFire   . . .      SeeInvis .      - Unarmed
rCold   . . .      Faith    .    (no shield)
rNeg    . . .      Spirit   .    (body armour unavailable)
rPois   .          Reflect  .    (helmet restricted)
rElec   .          Rampage  .    (no cloak)
rCorr   .                        (no gloves)
Will    .....                    (no boots)
Stlth   +                        (no amulet)
HPRegen 0.24/turn                (no ring)
MPRegen 0.10/turn                (no ring)

@: no status effects
A: AC +5, unfitting armour, cold-blooded
a: no special abilities


You were on level 2 of the Dungeon.
You visited 1 branch of the dungeon, and saw 2 of its levels.

You collected 80 gold pieces.

Inventory:

Scrolls
 b - a scroll of silence {unknown}
 d - a scroll of blinking {unknown}
 f - a scroll of noise {unknown}
Potions
 e - a potion of magic {unknown}


   Skills:
 - Level 1.1 Fighting
 - Level 2.0 Dodging
 + Level 4.2 Unarmed Combat
 - Level 2.0 Spellcasting
 + Level 2.4 Transmutations


You couldn't memorise any spells.
You knew the following spells:

 Your Spells              Type           Power      Damage    Failure   Level
a - Beastly Appendage     Tmut           16%        N/A       9%          1
b - Wereblood             Tmut           8%         N/A       13%         2
c - Spider Form           Tmut/Pois      5%         N/A       38%         3

Your spell library contained the following spells:

 Spells                   Type           Power      Damage    Failure   Level
 Ice Form                 Ice/Tmut       5%         N/A       80%         4


Dungeon Overview and Level Annotations

Branches:
Dungeon (2/15)

Altars:

Shops:
D:1 [   D:2 ![

Annotations:
D:2 Sigmund


Innate Abilities, Weirdness & Mutations

Your plain brown scales are hard. (AC +5)
You cannot fit into any form of body armour.
You are cold-blooded and may be slowed by cold attacks.


Message History

The puff of flame hits you.
You punch the bat!
You feel a bit better.
You kill the bat!
You howl as the wereblood boils in your veins!
You hit the rat.
You feel a bit better.
You kill the rat!
Something completely misses you.
You hear a zap.
A puff of flame appears from out of thin air!
The puff of flame misses you.
You see here a rat corpse.
You miss something. You headbutt something.
Your tail-slap misses something.
You howl as the wereblood boils in your veins!
You hear a zap.
A puff of flame appears from out of thin air!
The puff of flame hits you.
You barely miss something.
You howl as the wereblood boils in your veins!
Your horns disappear.
Your talons disappear.
Something hits you!
* * * LOW HITPOINT WARNING * * *
Really quaff the potion of lignification?
You turn into a tree.
Your roots penetrate the ground.
You creak as the wereblood boils in your veins!
You cannot move.
You cannot move.
You barely miss something. Something hits you but does no damage.
You closely miss something.
You creak as the wereblood boils in your veins!
Your magical contamination has completely faded away.
You smack something!
You creak as the wereblood boils in your veins!
Something hits you.
* * * LOW HITPOINT WARNING * * *
It was a potion of cancellation.
Your magical effects are unravelling.
You feel magically purged.
You feel less wooden.
Your primal bloodlust has ended.
Something hits you.
You die...

##############
#............#
+.............
#............# ##
#............# ...##
#.....@{.....#
#...##............#
#..#............#
#####...############
.................
##..####..###### #$
##.# # #.# #.#


There were no monsters in sight!

Vanquished Creatures
  3 dart slugs
  3 bats
  4 endoplasms
  A giant cockroach (D:1)
  3 goblins (D:1)
  A hobgoblin (D:2)
  4 jackals (D:1)
  4 kobolds (D:1)
  4 quokkas (D:1)
  3 ball pythons (D:1)
  2 frilled lizards (D:1)
  3 rats
35 creatures vanquished.

Notes
Turn   | Place    | Note
-------+----------+-------------------------------------------
     0 | D:1      | mandarbmax the Draconian Transmuter began the quest for the
                  | Orb.
     0 | D:1      | Reached XP level 1. HP: 16/16 MP: 3/3
    51 | D:1      | Reached XP level 2. HP: 21/23 MP: 3/5
    69 | D:1      | Learned a level 2 spell: Wereblood
   299 | D:1      | Reached skill level 4 in Unarmed Combat
   395 | D:1      | Reached XP level 3. HP: 24/28 MP: 3/6
   399 | D:1      | Learned a level 3 spell: Spider Form
   569 | D:1      | Found Cyceug's Antique Armour Shop.
  1266 | D:2      | Found Ahaifomo's Antique Armour Shoppe.
  1314 | D:2      | Found Peusehum's Distillery.
  1424 | D:2      | Noticed Sigmund
  1439 | D:2      | HP: 1/42 [something (6)]
  1440 | D:2      | Slain by Sigmund

Illustrated notes

Levels and vault maps discovered:
D:1:      lemuel_arrival_funnel, layout_basic, serial_shops,
          nicolae_shop_hallway_plus
D:2:      layout_basic, serial_shops, shop, nicolae_shop_overgrown_old_shop,
          nicolae_shop_behind_doors, ebering_ecumenical_altar_abandoned,
          chequers_serial_rivers_room_a, kennysheep_generic_room_11,
          uniq_sigmund

Skill      XL: |  1  2 |
---------------+-------+-----
Dodging        | 2 |  2.0
Unarmed Combat | 4 |  4.2
Fighting       | |  1.1
Spellcasting   | |  2.0
Transmutations | |  2.4

Action                     || total
---------------------------++-------
  Melee: Unarmed           ||    78
         Kick              ||    15
         Headbutt          ||    16
         Tailslap          ||     6
   Cast: Beastly Appendage ||    24
         Wereblood         ||     3
    Use: Potion            ||     2
 Armour: Skin              ||    24
  Dodge: Dodged            ||    54

Table legend: (Time is in decaauts)
 A = Elapsed time spent in this place.
 B = Non-inter-level travel time spent in this place.
 C = Inter-level travel time spent in this place.
 D = Time resting spent in this place.
 E = Time spent auto-exploring this place.
 F = Levels seen in this place.
 G = Mean time per level.
                   A        B        C        D        E       F      G
               +--------+--------+--------+--------+--------+-----+--------+
         Total |   1435 |   1398 |     37 |      0 |   1179 |   2 |  717.5 |
       Dungeon |   1435 |   1398 |     37 |      0 |   1179 |   2 |  717.5 |
               +--------+--------+--------+--------+--------+-----+--------+

Top non-repeatable levels by time:
     D:1: 1057 daAuts
     D:2: 377 daAuts
